 Dungeon Crawl Stone Soup version 0.29-a0-330-g52719c12eb (webtiles) character file.

Game seed: 12669671240386354815

1254 Leszczynek the Chopper (level 8, -4/58 (62) HPs)
             Began as a Human Gladiator on Apr 14, 2022.
             Was a Follower of the Shining One.
             Slain by a wight
             ... wielding a +4 short sword
              (9 damage)
             ... on level 6 of the Dungeon.
             The game lasted 00:17:22 (3333 turns).

Leszczynek the Chopper (Human Gladiator)            Turns: 3333, Time: 00:17:23

HP:   -4/58 (62)    AC:  6    Str: 14    XL:     8   Next: 80%
MP:   8/8           EV: 11    Int: 10    God:    the Shining One [*.....]
Gold: 474           SH:  5    Dex: 12    Spells: 7/7 levels left

rFire   . . .      SeeInvis .   a - +0 war axe
rCold   . . .      Faith    .   s - +0 buckler
rNeg    + . .      Spirit   .   p - +0 ring mail
rPois   .          Reflect  .   (helmet restricted)
rElec   .          Harm     .   (no cloak)
rCorr   .          Rampage  .   (no gloves)
Will    .....                   w - +0 pair of boots
Stlth   +.........              (no amulet)
HPRegen 0.19/turn               k - ring of positive energy
MPRegen 0.11/turn               (no ring)

@: glowing, studying Conjurations, drained
A: antennae 1, clumsy 1, weak 1
a: Renounce Religion, Divine Shield


You were on level 6 of the Dungeon.
You worshipped the Shining One.
The Shining One was aware of your devotion.
You visited 1 branch of the dungeon, and saw 7 of its levels.

You collected 474 gold pieces.

Inventory:

Hand Weapons
 a - a +0 war axe (weapon)
 o - a +2 spectral quarterstaff
Missiles
 j - 3 curare-tipped darts (quivered)
Armour
 c - a +0 helmet
 p - a +0 ring mail (worn)
 s - a +0 buckler (worn)
 w - a +0 pair of boots (worn)
Jewellery
 k - a ring of positive energy (left hand)
Wands
 q - a wand of flame (8)
 u - a wand of digging (6)
Scrolls
 d - 2 scrolls of immolation {!r}
 g - a scroll of brand weapon
 h - a scroll of enchant weapon
 v - a scroll of magic mapping
Potions
 b - a potion of attraction
 e - a potion of magic {unknown}
 f - 2 potions of brilliance {unknown}


   Skills:
 + Level 5.2 Fighting
 * Level 6.6 Axes
 - Level 3.2 Throwing
 - Level 4.0 Dodging
 * Level 4.6 Shields
 + Level 1.1 Invocations


You had 7 spell levels left.
You didn't know any spells.
Your spell library was empty.

Dungeon Overview and Level Annotations

Branches:
Dungeon (7/15)
 Temple: D:4-7

Altars:
Dithmenos
Fedhas
Kikubaaqudgha
Uskayaw
Vehumet
Yredelemnul
The Shining One
Beogh

Shops:
D:5 [   D:6 (

Annotations:
D:2 Sigmund
D:3 3 runed translucent doors, kae's ghost, amateur TeFE


Innate Abilities, Weirdness & Mutations

You have a pair of small antennae on your head.
You are clumsy. (Dex -2)
You are weak. (Str -2)


Message History

The wight hits you with a +4 short sword.
* * * LOW HITPOINT WARNING * * *
Okay, then.
You hit the wight.
The wight is lightly damaged.
You block the wight's attack.
You barely miss the wight.
The wight is lightly damaged.
You block the wight's attack.
You hit the wight but do no damage.
The wight is lightly damaged.
Your divine shield fades away.
The wight closely misses you.
You hit the wight but do no damage.
The wight is lightly damaged.
The wight hits you but does no damage.
You hit the wight but do no damage.
The wight is lightly damaged.
You block the wight's attack.
The wight hits you with a +4 short sword.
* * * LOW HITPOINT WARNING * * *
You partially resist.
You feel drained.
You hit the wight but do no damage.
The wight is lightly damaged.
You block the wight's attack.
You hit the wight.
The wight is moderately damaged.
The wight closely misses you.
You completely miss the wight.
The wight is moderately damaged.
The wight hits you with a +4 short sword!
* * * LOW HITPOINT WARNING * * *
Unknown command.
You barely miss the wight.
The wight is moderately damaged.
The wight barely misses you.
You hit the wight.
The wight is heavily damaged.
The wight hits you with a +4 short sword!
You die...

.#..### ### #.#.....
#.. .....$..## #.####
...#..#.#####.....
##.#####.....#.# #.
#..#######..z#.###. #
#)###..##..........
#.#z########...#..#..
#...@######....#.....
####...........#.....
#.#....######..##.
####.####### ###.###
#..........# #§...§#
#.##.#.###.####.....#
# #.#.#>........_...
#...).#.####.....#
###.###.# #○...○#


You could see a wight.

Vanquished Creatures
  A hornet (D:5)
  Eustachio (D:6)
  An ice beast (D:5)
  A sky beast (D:6)
  4 wights (D:6)
  A hound (D:6)
  2 orc priests (D:6)
  A gnoll shaman (D:5)
  Ijyb (D:3)
  2 iguanas
  6 orc wizards
  4 gnolls
  8 adders
  2 dart slugs
  9 orcs
  2 bats
  4 endoplasms
  3 giant cockroaches
  6 goblins
  5 hobgoblins
  2 jackals (D:3)
  2 quokkas (D:5)
  5 ball pythons
  2 frilled lizards
  7 kobolds
  A kobold zombie (D:3)
  5 rats
88 creatures vanquished.

Vanquished Creatures (others)
  2 fungi (D:6)
  11 plants
13 creatures vanquished.

Grand Total: 101 creatures vanquished

Notes
Turn   | Place    | Note
-------+----------+-------------------------------------------
     0 | D:1      | Leszczynek the Human Gladiator began the quest for the Orb.
     0 | D:1      | Reached XP level 1. HP: 16/16 MP: 1/1
    41 | D:1      | Reached XP level 2. HP: 22/22 MP: 2/2
   118 | D:1      | Reached XP level 3. HP: 13/28 MP: 3/3
   248 | D:2      | Found a faded altar of an unknown god.
   265 | D:2      | Noticed Sigmund
   402 | D:2      | HP: 5/28 [kobold/+0 short sword (4)]
   706 | D:3      | Noticed Ijyb
   787 | D:3      | Found a shadowy altar of Dithmenos.
  1095 | D:3      | Killed Ijyb
  1096 | D:3      | Reached XP level 4. HP: 11/34 MP: 4/4
  1170 | D:3      | Found a radiant altar of Vehumet.
  1170 | D:3      | Found a glowing golden altar of the Shining One.
  1175 | D:3      | Reached skill level 3 in Fighting
  1180 | D:3      | Became a worshipper of the Shining One
  1355 | D:3      | Found a runed translucent gate.
  1355 | D:3      | Found a runed translucent gate.
  1355 | D:3      | Found a runed translucent gate.
  1355 | D:3      | Identified the +2 ring mail of Gravitas {Int+3 SInv}
  1355 | D:3      | Noticed kae's ghost (amateur TeFE)
  1394 | D:3      | Found a runed translucent door.
  1396 | D:3      | Noticed a human
  1398 | D:3      | Found a basalt altar of Yredelemnul.
  1579 | D:4      | Reached XP level 5. HP: 40/41 MP: 5/5
  1652 | D:4      | Reached skill level 4 in Axes
  1745 | D:5      | Entered Level 5 of the Dungeon
  1745 | D:5      | Noticed an ice beast
  1874 | D:5      | Found Xaj Tixu's Armour Shop.
  1896 | D:5      | Found a hide-covered altar of Uskayaw.
  1949 | D:5      | HP: 8/41 [adder (2)]
  1958 | D:5      | Reached XP level 6. HP: 34/47 MP: 6/6
  2015 | D:5      | Noticed a hornet
  2042 | D:5      | HP: 9/47 [hornet (7)]
  2047 | D:5      | Killed a hornet
  2048 | D:5      | Reached skill level 4 in Fighting
  2048 | D:5      | Reached skill level 3 in Throwing
  2048 | D:5      | Reached skill level 4 in Dodging
  2048 | D:5      | Reached skill level 1 in Shields
  2048 | D:5      | Reached XP level 7. HP: 25/54 MP: 7/7
  2160 | D:5      | Reached skill level 5 in Axes
  2170 | D:5      | huh
  2206 | D:5      | Reached skill level 2 in Shields
  2290 | D:6      | uhhh huh
  2350 | D:6      | Found Siggeh's Antique Weapon Shop.
  2351 | D:6      | Reached * piety under the Shining One
  2377 | D:6      | Found a blossoming altar of Fedhas.
  2384 | D:6      | Gained mutation: You have a pair of small antennae on your
                  | head. [potion of mutation]
  2384 | D:6      | Gained mutation: You are clumsy. (Dex -2) [potion of
                  | mutation]
  2384 | D:6      | Gained mutation: You are weak. (Str -2) [potion of
                  | mutation]
  2386 | D:6      | Found an ancient bone altar of Kikubaaqudgha.
  2568 | D:6      | Noticed Eustachio
  2590 | D:6      | Killed Eustachio
  2591 | D:6      | Reached skill level 3 in Shields
  2591 | D:6      | Reached XP level 8. HP: 37/61 MP: 8/8
  2749 | D:5      | Reached skill level 6 in Axes
  2911 | D:6      | Reached skill level 4 in Shields
  2931 | D:6      | Reached skill level 5 in Fighting
  2967 | D:6      | HP: 12/62 [sky beast (6)]
  3154 | D:6      | Noticed a yak
  3316 | D:6      | Reached skill level 1 in Invocations
  3331 | D:6      | HP: 5/58 [wight/+4 short sword (11)]
  3333 | D:6      | Slain by a wight

Illustrated notes #. ##.≈.## #.#.#.# #≈.#†## #.#..# ##...# #.#.# #...# #..## ##@# #.# ### Turn 2170 on D:5: huh

#.. #.. #.#
... #.# #.#
#.####.#######
#....@.......
#.#..#.##..###
#. #.# # # #.)
###


Turn 2290 on D:6: uhhh huh

Levels and vault maps discovered:
D:1:      saegor_arrival_simple_e, layout_loops_cross
D:2:      layout_basic, serial_forest, infiniplex_forest_clump_curved,
          infiniplex_forest_side_room, infiniplex_forest_lined_room_2,
          infiniplex_forest_lined_room_2, infiniplex_forest_corner_2,
          infiniplex_forest_end_2, infiniplex_forest_lined_3_way,
          infiniplex_forest_lined_2, infiniplex_forest_diagonal,
          ebering_ecumenical_altar_box, uniq_sigmund, uniq_natasha
D:3:      layout_loops_ring, amcnicky_altar_gilded, dk_yredelemnul_ordeal,
          nicolae_wu_jian_wuxing_cycle, gammafunk_temple_overflow_elements,
          biasface_ghost_orc_armoury, mrwooster_statue_mirror, uniq_ijyb
D:4:      layout_loops_cross, okawaru_metal_pillars_3, uniq_pikel
D:5:      layout_rooms, mainiacjoe_overflow_small_starburst, serial_shops,
          nicolae_shop_hallway_plus, minmay_manual_mullet
D:6:      layout_loops_cross, fedhas_altar_2, nicolae_ru_the_path_less_chosen,
          nicolae_kikubaaqudgha_miasma_corner, serial_shops,
          nicolae_take_the_stairs, mumra_transporter_accident,
          chequers_mini_garden, lightli_corner_chamber, uniq_eustachio
D:7:      layout_basic, minmay_temple_entry_grid

Skill      XL: |  1  2  3  4  5  6  7  8 |
---------------+-------------------------+-----
Fighting       | 3 4 5 |  5.2
Axes           | 4 5 6 |  6.6
Throwing       | 3 |  3.2
Dodging        | 4 |  4.0
Shields        | 1 3 4 |  4.6
Invocations    | 1 |  1.1

Action                   |  1- 3 |  4- 6 |  7- 9 || total
-------------------------+-------+-------+-------++-------
Melee: War axe           |   133 |    88 |   134 ||   355
       Punch             |       |     1 |       ||     1
Throw: Throwing net      |     4 |       |     1 ||     5
       Dart              |       |     4 |     3 ||     7
       Javelin           |       |     1 |     2 ||     3
Invok: Divine Shield     |       |       |     4 ||     4
Evoke: Wand              |       |     1 |     8 ||     9
  Use: Potion            |     2 |     5 |     3 ||    10
       Scroll            |       |     1 |     7 ||     8
Armor: Leather armour    |    26 |    13 |       ||    39
       Ring mail         |       |    23 |    50 ||    73
Dodge: Dodged            |    90 |    68 |    67 ||   225
Block: Buckler           |       |       |    44 ||    44

Table legend: (Time is in decaauts)
 A = Elapsed time spent in this place.
 B = Non-inter-level travel time spent in this place.
 C = Inter-level travel time spent in this place.
 D = Time resting spent in this place.
 E = Time spent auto-exploring this place.
 F = Levels seen in this place.
 G = Mean time per level.
                   A        B        C        D        E       F      G
               +--------+--------+--------+--------+--------+-----+--------+
         Total |   3583 |   3307 |    276 |     33 |      0 |   7 |  511.9 |
       Dungeon |   3583 |   3307 |    276 |     33 |      0 |   7 |  511.9 |
               +--------+--------+--------+--------+--------+-----+--------+

Top non-repeatable levels by time:
     D:6: 895 daAuts
     D:3: 838 daAuts
     D:5: 768 daAuts
     D:2: 495 daAuts
     D:4: 279 daAuts
     D:1: 277 daAuts
     D:7: 28 daAuts
